 Dungeon Crawl Stone Soup version 0.29.1-15-g9cfb28693d (webtiles) character file.

Game seed: 7572666457496496142

2394 quarry the Cleaver (level 9, -2/78 HPs)
             Began as a Minotaur Fighter on Mar 29, 2023.
             Was a Follower of Trog.
             Engulfed by a steam dragon's steam (7 damage)
             ... on level 8 of the Dungeon.
             The game lasted 00:32:18 (6859 turns).

quarry the Cleaver (Minotaur Fighter)               Turns: 6859, Time: 00:32:19

Health: -2/78      AC: 10    Str: 30    XL:     9   Next: 22%
Magic:  8/8        EV: 11    Int: 11    God:    Trog [*.....]
Gold:   446        SH:  0    Dex: 11    Spells: 8/8 levels left

rFire   . . .      SeeInvis .   b - +1 scythe (venom)
rCold   . . .      Faith    .   (shield currently unavailable)
rNeg    . . .      Spirit   .   l - +0 scale mail
rPois   .          Reflect  .   (helmet restricted)
rElec   .          Harm     .   (no cloak)
rCorr   .          Rampage  .   H - +0 pair of gloves
Will    .....                   s - +0 pair of boots
Stlth   ..........              o - amulet of the acrobat
HPRegen 0.23/turn               u - +6 ring of strength
MPRegen 0.11/turn               J - +6 ring of intelligence

@: mighty, on berserk cooldown, slowed, very slow
A: horns 2, retaliatory headbutt
a: Renounce Religion, Berserk


You were on level 8 of the Dungeon.
You worshipped Trog.
Trog was aware of your devotion.
You visited 2 branches of the dungeon, and saw 9 of its levels.

You collected 446 gold pieces.

Inventory:

Hand Weapons
 a - a +0 war axe
 b - a +1 scythe of venom (weapon)
 d - a +0 flail of protection
 g - a +3 whip
 r - a +0 whip of venom
Armour
 c - a +0 buckler
 l - a +0 scale mail (worn)
 s - a +0 pair of boots (worn)
 H - a +0 pair of gloves (worn)
Jewellery
 o - an amulet of the acrobat (around neck)
 p - an amulet of regeneration
 u - a +6 ring of strength (left hand)
 z - a ring of protection from cold
 G - a ring of resist corrosion
 J - a +6 ring of intelligence (right hand)
Wands
 v - a wand of light (13)
 C - a wand of flame (40)
 D - a wand of charming (5)
 E - a wand of roots (12)
 F - a wand of polymorph (5)
Scrolls
 e - a scroll of amnesia {unknown}
 f - a scroll of vulnerability {unknown}
 h - 2 scrolls of blinking {unknown}
 i - 2 scrolls of enchant armour {unknown}
 j - 8 scrolls of identify {unknown}
 k - 4 scrolls of butterflies {unknown}
 m - 4 scrolls of immolation {unknown}
 n - a scroll of noise {unknown}
 q - 3 scrolls of magic mapping {unknown}
 t - 2 scrolls of teleportation {unknown}
 w - a scroll of torment {unknown}
 y - 2 scrolls of poison {unknown}
 I - a scroll of silence {unknown}
Potions
 x - a potion of cancellation
 A - a potion of flight


   Skills:
 + Level 6.4 Fighting
 + Level 8.6(9.7) Axes
 + Level 6.7(8.7) Polearms
 + Level 7.8 Armour
 + Level 3.6 Dodging
 + Level 1.0 Stealth
 + Level 4.6 Shields


You had 8 spell levels left.
You didn't know any spells.
Your spell library contained the following spells:

 Spells                   Type           Power      Damage    Failure   Level
 Magic Dart               Conj           0%         1d3       56%         1
 Searing Ray              Conj           0%         2d4       71%         2
 Fulminant Prism          Conj/Hex       0%         3d6       100%        4


Dungeon Overview and Level Annotations

Branches:
Dungeon (8/15)             Temple (1/1) D:4            Lair (0/5) D:8

Altars:
Cheibriados
Dithmenos
Elyvilon
Fedhas
Gozag
Hepliaklqana
Makhleb
Okawaru
Qazlal
Ru
Sif Muna
Trog
Uskayaw
Vehumet
Wu Jian
Xom
Yredelemnul
Zin
The Shining One

Shops:
D:3 (


Innate Abilities, Weirdness & Mutations

You have a pair of horns on your head.
You reflexively headbutt those who attack you in melee.


Message History

The basilisk gazes at you. You resist with some effort. The basilisk bites you!
You turn to flesh and can move again.
You barely miss the basilisk. You headbutt the basilisk.
You kill the basilisk!
Trog accepts your kill. The steam dragon barely misses you.
The steam dragon closely misses you. The steam dragon breathes steam at you.
The ball of steam misses you.
The howler monkey completely misses you.
The steam dragon bites you but does no damage.
The steam dragon claws you but does no damage.
You see here a basilisk corpse.
You barely miss the kobold brigand.
You are engulfed in a cloud of scalding steam.
The howler monkey closely misses you.
The kobold brigand hits you with a +0 whip.
The steam dragon bites you. The steam dragon closely misses you.
The howler monkey barely misses you. You furiously retaliate!
You headbutt the howler monkey! You hit the howler monkey.
The howler monkey is severely wounded.
You are engulfed in a cloud of scalding steam.
* * * LOW HITPOINT WARNING * * *
The howler monkey barely misses you.
The kobold brigand hits you but does no damage.
The steam dragon bites you.
* * * LOW HITPOINT WARNING * * *
The steam dragon claws you but does no damage.
The howler monkey hoots and howls with incredible vigour!
The steam dragon breathes steam at you. The ball of steam hits you!
* * * LOW HITPOINT WARNING * * *
The kobold brigand barely misses you. You furiously retaliate!
You headbutt the kobold brigand.
An ice beast comes into view.
You feel very mighty all of a sudden.
You are engulfed in a cloud of scalding steam.
You die...

...# ...# .### ..# ### ..#
#.##### .####
######..#..######
....###...#....<..#...##
#....#....##....D......#
#..............h@K.....#
#............Y#######..#
#......####...#.#.#.#..#
.........##...#^^^^^#..#
............#########.##
...........l#['.....'.#
............#########)###
..............#^^^^^#...###
.#..........#.#.#.#.#.....##


You could see a steam dragon (catching breath), an ice beast, a kobold brigand
and a howler monkey (catching breath).

Vanquished Creatures
  Sigmund (D:5)
  A basilisk (D:8)
  Edmund (D:5)
  An ice beast (D:7)
  A black bear (D:7)
  2 ogres
  2 phantoms (D:6)
  2 bullfrogs
  3 necrophages
  A scorpion (D:4)
  7 killer bees
  2 howler monkeys
  3 hounds
  2 jellies (D:6)
  4 orc priests
  6 iguanas
  Natasha (D:3)
  6 orc wizards
  5 adders
  A shadow imp (D:6)
  A white imp (D:8)
  3 ufetubi
  A worm (D:2)
  2 dart slugs
  22 orcs
  2 bats
  3 endoplasms
  3 giant cockroaches
  4 goblins
  3 hobgoblins
  2 jackals (D:5)
  A quokka (D:1)
  2 ball pythons (D:3)
  3 frilled lizards
  4 kobolds
  2 rats
  A bush (D:5)
111 creatures vanquished.

Vanquished Creatures (others)
  A plant (D:5)
1 creature vanquished.

Grand Total: 112 creatures vanquished

Notes
Turn   | Place    | Note
-------+----------+-------------------------------------------
     0 | D:1      | quarry the Minotaur Fighter began the quest for the Orb.
     0 | D:1      | Reached XP level 1. HP: 19/19 MP: 0/0
   133 | D:1      | Reached XP level 2. HP: 7/27 MP: 1/1
   785 | D:2      | Reached XP level 3. HP: 26/33 MP: 2/2
  1277 | D:3      | Found a stormy altar of Qazlal.
  1277 | D:3      | Found a white marble altar of Elyvilon.
  1277 | D:3      | Found a shadowy altar of Dithmenos.
  1277 | D:3      | Found a shimmering altar of Xom.
  1315 | D:3      | Reached skill level 3 in Axes
  1326 | D:3      | Reached XP level 4. HP: 14/40 MP: 3/3
  1735 | D:3      | Found a glowing golden altar of the Shining One.
  1931 | D:3      | Reached skill level 4 in Axes
  1931 | D:3      | Reached skill level 1 in Dodging
  2094 | D:3      | Found Wysestr Oloph's Antique Weapon Boutique.
  2240 | D:3      | Noticed Natasha
  2244 | D:3      | Killed Natasha
  2245 | D:3      | Reached XP level 5. HP: 41/47 MP: 4/4
  2444 | D:4      | Reached skill level 5 in Axes
  2492 | D:4      | Found a staircase to the Ecumenical Temple.
  2498 | Temple   | Entered the Ecumenical Temple
  2506 | Temple   | Became a worshipper of Trog the Wrathful
  3222 | D:5      | Entered Level 5 of the Dungeon
  3232 | D:5      | Reached XP level 6. HP: 53/53 MP: 5/5
  3268 | D:5      | Reached skill level 5 in Armour
  3370 | D:5      | Reached skill level 6 in Axes
  3492 | D:5      | Reached XP level 7. HP: 59/60 MP: 6/6
  3495 | D:5      | Reached skill level 5 in Fighting
  3576 | D:5      | Noticed Sigmund
  3598 | D:5      | Killed Sigmund
  3599 | D:5      | Reached skill level 7 in Axes
  3831 | D:5      | Noticed Edmund
  3845 | D:5      | Killed Edmund
  4250 | D:6      | Reached skill level 8 in Axes
  4259 | D:6      | Reached XP level 8. HP: 53/68 MP: 7/7
  4349 | D:6      | Reached skill level 1 in Polearms
  4398 | D:6      | Reached * piety under Trog
  4996 | D:7      | Reached skill level 1 in Stealth
  5405 | D:7      | Reached skill level 5 in Polearms
  6025 | D:7      | Reached XP level 9. HP: 75/75 MP: 8/8
  6515 | D:8      | Found a staircase to the Lair.
  6859 | D:8      | Engulfed by a steam dragon's steam

Illustrated notes

Levels and vault maps discovered:
D:1:      psy_arrival_statuary, layout_rooms
D:2:      layout_loops_ring
D:3:      layout_basic, tso_metal_star, grunt_temple_overflow_open,
          serial_shops, nicolae_shop_competitors_out_of_business,
          portal_sewer_entry_e, uniq_natasha
D:4:      layout_basic, minmay_temple_entry_fiery
D:5:      layout_gridville, sigmund_edmund_badplayer
D:6:      layout_basic
D:7:      layout_basic, hangedman_decor_riveting
D:8:      layout_cave_pools, lair_entry_dummy, grunt_tough_drop
Temple:   nicolae_temple_x_marks_the_god

Skill      XL: |  1  2  3  4  5  6  7  8  9 |
---------------+----------------------------+-----
Shields        | 4 |  4.6
Armour         | 4 5 6 7 |  7.8
Axes           | 3 4 5 6 8 |  8.6
Fighting       | 4 5 6 |  6.4
Dodging        | 1 2 3 |  3.6
Polearms       | 5 6 |  6.7
Stealth        | 1 |  1.0

Action                   |  1- 3 |  4- 6 |  7- 9 || total
-------------------------+-------+-------+-------++-------
Melee: War axe           |    58 |    67 |    22 ||   147
       Headbutt          |     8 |     8 |    41 ||    57
       Halberd           |       |       |   158 ||   158
Invok: Berserk           |       |       |     1 ||     1
Evoke: Wand              |       |       |     1 ||     1
  Use: Potion            |     2 |     6 |     8 ||    16
Armor: Scale mail        |    30 |    23 |    86 ||   139
       Skin              |       |     2 |       ||     2
Dodge: Dodged            |    21 |    36 |   130 ||   187
Block: Buckler           |    14 |    15 |       ||    29
